 Seeded DCSS version 0.29-a0-875-g74bf573 (webtiles) character file.

Game seed: 2710682688576464065 (custom seed)

697 GeorgeSoros the Trooper (level 7, 0/63 HPs)
             Began as a Ghoul Venom Mage on July 19, 2022.
             Slain by a gnoll skeleton (2 damage)
             ... in an ossuary.
             The game lasted 00:19:54 (5354 turns).

GeorgeSoros the Trooper (Ghoul Venom Mage)          Turns: 5354, Time: 00:19:55

Health: 0/63       AC:  8    Str: 14    XL:     7   Next: 65%
Magic:  8/8        EV:  9    Int: 10    God:
Gold:   207        SH:  0    Dex:  9    Spells: 8/9 levels left

rFire   . . .      SeeInvis .   i - +4 whip (venom)
rCold   + . .      Faith    .   (no shield)
rNeg    + + +      Spirit   .   l - +0 scale mail
rPois   ∞          Reflect  .   (no helmet)
rElec   .          Harm     .   g - +0 cloak
rCorr   +          Rampage  .   (no gloves)
Will    .....                   (no boots)
Stlth   ..........              (no amulet)
HPRegen 0.00/turn               c - ring of resist corrosion
MPRegen 0.11/turn               (no ring)

@: inhibited regen
A: claws 1, cold resistance 1, negative energy resistance 3, inhibited
regeneration, torment resistance 2, devour on kill
a: no special abilities


You were in an ossuary.
You visited 1 branch of the dungeon, and saw 4 of its levels.
You also visited: Ossuary.

You collected 207 gold pieces.

Inventory:

Hand Weapons
 i - a +4 whip of venom (weapon)
Missiles
 d - a throwing net
Armour
 f - a +0 chain mail
 g - a +0 cloak (worn)
 l - a +0 scale mail (worn)
Jewellery
 c - a ring of resist corrosion (left claw)
Scrolls
 a - 2 scrolls of vulnerability
 h - a scroll of enchant weapon
 k - 5 scrolls of teleportation
 n - 4 scrolls of fear
 p - a scroll of magic mapping {unknown}
Potions
 b - 2 potions of magic
 e - a potion of might
 j - a potion of brilliance
 m - a potion of berserk rage {unknown}
 o - 2 potions of invisibility {unknown}


   Skills:
 + Level 6.0 Fighting
 + Level 4.7 Armour
 - Level 1.7 Dodging
 - Level 2.1 Stealth
 - Level 1.1 Unarmed Combat
 - Level 1.7 Spellcasting
 - Level 0.9 Transmutations
 - Level 3.4 Poison Magic


You had 8 spell levels left.
You knew the following spells:

 Your Spells              Type           Power      Damage    Failure   Level
a - Sting                 Tmut/Pois      20%        1d4       45%         1

Your spell library contained the following spells:

 Spells                   Type           Power      Damage    Failure   Level
 Poisonous Vapours        Pois/Air       8%         N/A       67%         2
 Sandblast                Erth           0%         2d4       77%         1
 Passwall                 Tmut/Erth      0%         N/A       83%         2
 Mephitic Cloud           Conj/Pois/Air  3%         N/A       92%         3
 Olgreb's Toxic Radiance  Pois           7%         N/A       96%         4
 Call Canine Familiar     Summ           0%         N/A       98%         3
 Gell's Gravitas          Tloc           0%         N/A       98%         3
 Lesser Beckoning         Tloc           0%         N/A       98%         3
 Stone Arrow              Conj/Erth      0%         3d7       98%         3
 Teleport Other           Tloc           0%         N/A       98%         3
 Summon Hydra             Summ           0%         N/A       100%        7
 Summon Horrible Things   Summ           0%         N/A       100%        8
 Dragon's Call            Summ           0%         N/A       100%        9
 Wereblood                Tmut           Unusable   N/A       N/A         2
 Sublimation of Blood     Necr           Unusable   N/A       N/A         2

Dungeon Overview and Level Annotations

Branches:
Dungeon (4/15)            Ossuary (1/1)
 Temple: D:4-7

Altars:
Okawaru
Sif Muna
Xom

Annotations:
D:1 2 transporters


Innate Abilities, Weirdness & Mutations

You are immune to poison.
You have sharp fingernails.
Your flesh is cold resistant. (rC+)
You are immune to negative energy. (rN+++)
You do not regenerate when monsters are visible.
You are immune to unholy pain and torment.
You thrive by killing the living.


Message History

You feel strangely unstable.
You whack the wraith!
The wraith is moderately damaged.
The wraith barely misses you.
The centaur skeleton hits you but does no damage.
The centaur skeleton barely misses you.
You hit the wraith but do no damage.
The wraith is moderately damaged.
Your surroundings suddenly seem different. 4 gnoll skeletons, an iguana zombie and 2 black bear skeletons come into view.
Found a gate leading back out of this place.
The black bear skeleton barely misses you.
The black bear skeleton claws you but does no damage.
The black bear skeleton closely misses you.
The gnoll skeleton hits you but does no damage. x2
The black bear skeleton moves out of view.
You hit the gnoll skeleton.
The gnoll skeleton is moderately damaged.
The black bear skeleton bites you.
* * * LOW HITPOINT WARNING * * *
The black bear skeleton completely misses you.
The black bear skeleton claws you.
* * * LOW HITPOINT WARNING * * *
The gnoll skeleton closely misses you.
The gnoll skeleton hits you but does no damage.
A kobold brigand zombie comes into view.
The gnoll skeleton hits you but does no damage.
You can't see any enemies this would affect, really read the scroll of fear?
Okay, then.
Okay, then.
Okay, then.
You hit the gnoll skeleton.
The gnoll skeleton is moderately damaged.
The gnoll skeleton hits you.
* * * LOW HITPOINT WARNING * * *
The black bear skeleton bites you but does no damage.
The black bear skeleton claws you but does no damage.
The black bear skeleton barely misses you.
The gnoll skeleton hits you.
You die...

##########
#.........
#ZZZ......
#Z@Z....#
#..Z...##.. #
#.....## ..##### .
#....## .##...## .
#....#. ##.!!!.# .
#....Z.. #.!.???. .
#....#...##..!ZZ##.
#....##...##..W##..
. #...#####...


You could see an iguana zombie, a kobold brigand zombie, a black bear skeleton
and 4 gnoll skeletons.

Vanquished Creatures
  A water moccasin skeleton (Ossuary)
  A howler monkey (D:4)
  A bullfrog zombie (Ossuary)
  3 orc priests
  A bullfrog skeleton (Ossuary)
  An iguana (D:4)
  Jessica (D:2)
  3 orc wizards
  A scorpion zombie (Ossuary)
  Natasha (thrice) (D:2 D:1)
  Terence (D:2)
  A sky beast zombie (Ossuary)
  2 mummies (Ossuary)
  4 gnolls (D:2)
  2 adders
  2 worms
  2 dart slugs
  5 orcs
  9 endoplasms
  4 giant cockroaches
  A gnoll zombie (Ossuary)
  13 goblins
  10 hobgoblins
  2 jackals (D:2)
  11 kobolds
  3 quokkas
  8 ball pythons
  4 bats
  5 frilled lizards
  2 gnoll skeletons (Ossuary)
  4 kobold skeletons (Ossuary)
  3 orc skeletons (Ossuary)
  An orc zombie (Ossuary)
  4 rats
119 creatures vanquished.

Notes
Turn   | Place    | Note
-------+----------+-------------------------------------------
     0 | D:1      | GeorgeSoros the Ghoul Venom Mage began the quest for the
                  | Orb.
     0 | D:1      | Reached XP level 1. HP: 14/14 MP: 2/2
   135 | D:1      | Reached skill level 1 in Unarmed Combat
   135 | D:1      | Reached XP level 2. HP: 6/22 MP: 0/3
   476 | D:1      | Reached skill level 1 in Fighting
   816 | D:1      | Reached XP level 3. HP: 28/28 MP: 2/4
   980 | D:1      | Found a faded altar of an unknown god.
  1120 | D:2      | Noticed Terence
  1132 | D:2      | Killed Terence
  1133 | D:2      | Reached skill level 2 in Fighting
  1133 | D:2      | Reached skill level 1 in Armour
  1133 | D:2      | Reached XP level 4. HP: 15/37 MP: 5/5
  1362 | D:2      | Found a shimmering altar of Xom.
  1461 | D:2      | Noticed Natasha
  1462 | D:2      | Noticed Jessica
  1477 | D:2      | Killed Natasha
  1479 | D:2      | Killed Jessica
  1480 | D:2      | Reached skill level 3 in Fighting
  1480 | D:2      | Reached XP level 5. HP: 10/45 MP: 6/6
  1815 | D:2      | Noticed Natasha
  1838 | D:2      | Killed Natasha
  1859 | D:2      | Noticed Natasha
  1860 | D:2      | HP: 2/45 [gnoll/+0 whip (5)]
  1876 | D:1      | Killed Natasha
  2265 | D:2      | Reached skill level 4 in Fighting
  2642 | D:2      | Reached XP level 6. HP: 52/52 MP: 7/7
  3995 | D:3      | Found a shimmering blue altar of Sif Muna.
  4486 | D:4      | Noticed a black bear
  4497 | D:3      | Reached skill level 5 in Fighting
  4497 | D:3      | Reached XP level 7. HP: 15/61 MP: 8/8
  4754 | D:4      | Found an iron altar of Okawaru.
  4773 | D:4      | Got Gamituhi's Compendium of Attendants
  4776 | D:4      | Found a sand-covered staircase.
  4786 | Ossuary  | Entered an ossuary
  4786 | Ossuary  | Noticed a wraith
  4786 | Ossuary  | Noticed a wraith
  4786 | Ossuary  | Noticed a wraith
  5226 | Ossuary  | Noticed a wraith
  5349 | Ossuary  | Reached skill level 6 in Fighting
  5354 | Ossuary  | HP: 2/63 [gnoll skeleton (3)]
  5354 | Ossuary  | Slain by a gnoll skeleton

Illustrated notes

Levels and vault maps discovered:
D:1:      spicycebolla_arrival_transporter_tutorial, layout_basic,
          hellmonk_ecumenical_altar_leap_of_faith, minmay_misc_feat_room,
          chequers_garden
D:2:      layout_basic, basic_altar, uniq_jessica, uniq_terence, uniq_natasha
D:3:      minmay_inner_zag, layout_basic, mainiacjoe_overflow_24_doors,
          wander_ebering_terrifying_dragon_lair
D:4:      wander_river, layout_basic, okawaru_trees_1, general_overflow_altar,
          nicolae_ossuary_entry_monument, portal_sewer_entry_f
Ossuary:  ossuary_due_mausoleum

Skill      XL: |  1  2  3  4  5  6  7 |
---------------+----------------------+-----
Unarmed Combat | 1 |  1.1
Fighting       | 1 2 3 4 5 6 |  6.0
Armour         | 1 2 3 4 |  4.7
Dodging        | |  1.7
Stealth        | |  2.1
Spellcasting   | |  1.7
Transmutations | |  0.9
Poison Magic   | |  3.4

Action                   |  1- 3 |  4- 6 |  7- 9 || total
-------------------------+-------+-------+-------++-------
Melee: Unarmed           |    14 |       |       ||    14
       Whip              |    41 |   187 |   128 ||   356
       Punch             |       |     2 |     1 ||     3
 Cast: Sting             |    19 |     1 |       ||    20
  Use: Scroll            |     3 |     5 |     2 ||    10
       Potion            |       |     1 |       ||     1
Armor: Robe              |     5 |       |       ||     5
       Scale mail        |     3 |    84 |    81 ||   168
Dodge: Dodged            |    26 |    67 |    69 ||   162

Table legend: (Time is in decaauts)
 A = Elapsed time spent in this place.
 B = Non-inter-level travel time spent in this place.
 C = Inter-level travel time spent in this place.
 D = Time resting spent in this place.
 E = Time spent auto-exploring this place.
 F = Levels seen in this place.
 G = Mean time per level.
                   A        B        C        D        E       F      G
               +--------+--------+--------+--------+--------+-----+--------+
         Total |   5397 |   4929 |    468 |   1063 |   2656 |   5 | 1079.4 |
       Dungeon |   4819 |   4351 |    468 |   1008 |   2311 |   4 | 1204.8 |
       Ossuary |    577 |    577 |      0 |     55 |    345 |   1 |  577.0 |
               +--------+--------+--------+--------+--------+-----+--------+

Top non-repeatable levels by time:
     D:1: 1804 daAuts
     D:2: 1510 daAuts
     D:3: 1315 daAuts
 Ossuary: 577 daAuts
     D:4: 187 daAuts
